Workbook

Sheet ORÇAMENTO
A1: INCLUIR LOGOTIPO DA EMPRESA
A6: DADOS DA EMPRESA
A7: DADOS DA EMPRESA
A9: Planilha de Orçamento - GLOBAL
A11: Obra: QUADRA POLIESPORTIVA - Câmpus Avançado Jaguarão | F11: Endereço: Rua Corredor das tropas, 801 - Bairro Vila Branca
A12: Cliente: Instituto Federal Sul-Rio-Grandense | F12: Cidade: Jaguarão - RS | J12: BDI =
A13: Item/Descrição | B13: Qtd. | C13: Un | D13: Mão-de-Obra | F13: Material | H13: Custo Unit. Total | I13: Custo Direto | J13: BDI | L13: Sub-Total do Item | M13: Total do Item
D14: Custo Unitário | E14: Custo Parcial | F14: Custo Unitário | G14: Custo Parcial | J14: Valor | K14: %
A16: 2. SERVIÇOS PRELIMINARES / TÉCNICOS | M16: =SUM(L17:L23) -> 0
A17: 2. 7. PLACAS DE IDENTIFICAÇÃO DE OBRAS
A18: .1 PLACA DE OBRA | B18: 2.03 | C18: M2 | E18: =D18*B18 -> 0 | G18: =F18*B18 -> 0 | H18: =+D18+F18 -> 0 | I18: =E18+G18 -> 0 | J18: =K18*I18 -> 0 | K18: =$K$12 -> 0 | L18: =I18+J18 -> 0
A19: 2.8. DEMOLIÇÕES E REMOÇÕES
A20: 2.8.7. DEMOLIÇÃO E REMOÇÃO DE PISOS
A21: .1 DEMOLIÇÃO DE PLACAS DE CONCRETO PRÉ- MOLDADAS E MEIO-FIO | B21: 0.45 | C21: M2 | E21: =D21*B21 -> 0 | G21: =F21*B21 -> 0 | H21: =+D21+F21 -> 0 | I21: =E21+G21 -> 0 | J21: =K21*I21 -> 0 | K21: =$K$12 -> 0 | L21: =I21+J21 -> 0
A22: 2. 9. LOCAÇÃO DA OBRA
A23: .1 LOCACAO DE OBRA POR M2 CONSTRUIDO | B23: 1290.78 | C23: M2 | E23: =D23*B23 -> 0 | G23: =F23*B23 -> 0 | H23: =+D23+F23 -> 0 | I23: =E23+G23 -> 0 | J23: =K23*I23 -> 0 | K23: =$K$12 -> 0 | L23: =I23+J23 -> 0
A24: 3. MOVIMENTO DE TERRA | M24: =SUM(L25:L34) -> 0
A25: 3. 1. ESCAVAÇÕES
A26: .1 ESCAVACAO MECANICA DE SOLO ATE 2,50M | B26: 387.23 | C26: M3 | E26: =D26*B26 -> 0 | G26: =F26*B26 -> 0 | H26: =+D26+F26 -> 0 | I26: =E26+G26 -> 0 | J26: =K26*I26 -> 0 | K26: =$K$12 -> 0 | L26: =I26+J26 -> 0
A27: .2 ESCAVAÇÃO MANUAL DE VALAS EM MAT. 1A CAT ATE 2M | B27: 5.92 | C27: M3 | E27: =D27*B27 -> 0 | G27: =F27*B27 -> 0 | H27: =+D27+F27 -> 0 | I27: =E27+G27 -> 0 | J27: =K27*I27 -> 0 | K27: =$K$12 -> 0 | L27: =I27+J27 -> 0
A28: 3. 2. ATERROS
A29: 3. 2. 1. NIVELAMENTO E COMPACTAÇÃO DO TERRENO
A30: .1 ESPALHAMENTO DE BOTA FORA | B30: 487.23 | C30: M3 | E30: =D30*B30 -> 0 | G30: =F30*B30 -> 0 | H30: =+D30+F30 -> 0 | I30: =E30+G30 -> 0 | J30: =K30*I30 -> 0 | K30: =$K$12 -> 0 | L30: =I30+J30 -> 0
A31: .2 REGULARIZACAO E COMPACTACAO DO SUB-LEITO 100% PN | B31: 1290.78 | C31: M2 | E31: =D31*B31 -> 0 | G31: =F31*B31 -> 0 | H31: =+D31+F31 -> 0 | I31: =E31+G31 -> 0 | J31: =K31*I31 -> 0 | K31: =$K$12 -> 0 | L31: =I31+J31 -> 0
A32: 3. 2. 2. REATERRO E COMPACTAÇÃO MANUAL DE VALAS
A33: .1 REATERRO MANUAL DE VALAS COM MATERIAL LOCAL | B33: 3.84 | C33: M3 | E33: =D33*B33 -> 0 | G33: =F33*B33 -> 0 | H33: =+D33+F33 -> 0 | I33: =E33+G33 -> 0 | J33: =K33*I33 -> 0 | K33: =$K$12 -> 0 | L33: =I33+J33 -> 0
A34: .2 LASTRO MANUAL COM AREIA | B34: 1.92 | C34: M3 | E34: =D34*B34 -> 0 | G34: =F34*B34 -> 0 | H34: =+D34+F34 -> 0 | I34: =E34+G34 -> 0 | J34: =K34*I34 -> 0 | K34: =$K$12 -> 0 | L34: =I34+J34 -> 0
A35: 4. INFRA-ESTRUTURA/FUNDAÇÕES SIMPLES | M35: =SUM(L36:L40) -> 0
A36: 4. 3. VIGAS DE BALDRAME
A37: .1 FORMA DE FUNDAÇÃO | B37: 40.8 | C37: M2 | E37: =D37*B37 -> 0 | G37: =F37*B37 -> 0 | H37: =+D37+F37 -> 0 | I37: =E37+G37 -> 0 | J37: =K37*I37 -> 0 | K37: =$K$12 -> 0 | L37: =I37+J37 -> 0
A38: .2 ARMADURA CA-50 MEDIA 1/4 A 3/8-6,35 A 9,53MM | B38: 338.96 | C38: KG | E38: =D38*B38 -> 0 | G38: =F38*B38 -> 0 | H38: =+D38+F38 -> 0 | I38: =E38+G38 -> 0 | J38: =K38*I38 -> 0 | K38: =$K$12 -> 0 | L38: =I38+J38 -> 0
A39: .3 ARMADURA CA-60 MEDIA 5,0 A 6,0MM | B39: 99.29 | C39: KG | E39: =D39*B39 -> 0 | G39: =F39*B39 -> 0 | H39: =+D39+F39 -> 0 | I39: =E39+G39 -> 0 | J39: =K39*I39 -> 0 | K39: =$K$12 -> 0 | L39: =I39+J39 -> 0
A40: .4 CONCRETO FCK 25MPA - PREPARO, LANÇAMENTO E CURA | B40: 7.48 | C40: M3 | E40: =D40*B40 -> 0 | G40: =F40*B40 -> 0 | H40: =+D40+F40 -> 0 | I40: =E40+G40 -> 0 | J40: =K40*I40 -> 0 | K40: =$K$12 -> 0 | L40: =I40+J40 -> 0
A41: 12. INSTALAÇÕES HIDRÁULICAS E SANITÁRIAS | M41: =SUM(L42:L57) -> 0
A42: 12. 1. REDE DE ÁGUA E ABASTECIMENTO
A43: 12. 1. 1. TUBOS E CONEXÕES
A44: .1 TUBO PVC RIGIDO SOLDAVEL 32MM | B44: 24 | C44: M | E44: =D44*B44 -> 0 | G44: =F44*B44 -> 0 | H44: =+D44+F44 -> 0 | I44: =E44+G44 -> 0 | J44: =K44*I44 -> 0 | K44: =$K$12 -> 0 | L44: =I44+J44 -> 0
A45: .2 TUBO PVC RIGIDO SOLDAVEL 25MM | B45: 1.2 | C45: M | E45: =D45*B45 -> 0 | G45: =F45*B45 -> 0 | H45: =+D45+F45 -> 0 | I45: =E45+G45 -> 0 | J45: =K45*I45 -> 0 | K45: =$K$12 -> 0 | L45: =I45+J45 -> 0
A46: .3 JOELHO 90 GRAUS COM BUCHA DE LATÃO, PVC, SOLDÁVEL, DN 25MM, X 1/2” INSTALAD O EM RAMAL OU SUB-RAMAL DE ÁGUA - FORNECIMENTO E INSTALAÇÃO. AF_12/2014 | B46: 1 | C46: UN. | E46: =D46*B46 -> 0 | G46: =F46*B46 -> 0 | H46: =+D46+F46 -> 0 | I46: =E46+G46 -> 0 | J46: =K46*I46 -> 0 | K46: =$K$12 -> 0 | L46: =I46+J46 -> 0
A47: .4 TE PVC SOLDÁVEL DN 32MM | B47: 1 | C47: UN. | E47: =D47*B47 -> 0 | G47: =F47*B47 -> 0 | H47: =+D47+F47 -> 0 | I47: =E47+G47 -> 0 | J47: =K47*I47 -> 0 | K47: =$K$12 -> 0 | L47: =I47+J47 -> 0
A48: .5 BUCHA DE REDUÇÃO PVC SOLDÁVEL 32MM X 25MM | B48: 1 | C48: UN. | E48: =D48*B48 -> 0 | G48: =F48*B48 -> 0 | H48: =+D48+F48 -> 0 | I48: =E48+G48 -> 0 | J48: =K48*I48 -> 0 | K48: =$K$12 -> 0 | L48: =I48+J48 -> 0
A49: .6 JOELHO 90 PVC SOLDÁVEL DN 25MM | B49: 1 | C49: UN. | E49: =D49*B49 -> 0 | G49: =F49*B49 -> 0 | H49: =+D49+F49 -> 0 | I49: =E49+G49 -> 0 | J49: =K49*I49 -> 0 | K49: =$K$12 -> 0 | L49: =I49+J49 -> 0
A50: .7 TUBO PVC RIGIDO 100MM | B50: 1.2 | C50: M | E50: =D50*B50 -> 0 | G50: =F50*B50 -> 0 | H50: =+D50+F50 -> 0 | I50: =E50+G50 -> 0 | J50: =K50*I50 -> 0 | K50: =$K$12 -> 0 | L50: =I50+J50 -> 0
A51: .8 CONCRETO FCK 10MPA - PREPARO, LANÇAMENTO E CURA | B51: 0.01 | C51: M3 | E51: =D51*B51 -> 0 | G51: =F51*B51 -> 0 | H51: =+D51+F51 -> 0 | I51: =E51+G51 -> 0 | J51: =K51*I51 -> 0 | K51: =$K$12 -> 0 | L51: =I51+J51 -> 0
A52: 12. 1. 7. CAIXA PARA PONTO DE ÁGUA
A53: .1 CAIXA PRE MOLDADA DE CONCRETO S/ FUNDO E S/ TAMPA 40x40x50CM | B53: 1 | C53: UN. | E53: =D53*B53 -> 0 | G53: =F53*B53 -> 0 | H53: =+D53+F53 -> 0 | I53: =E53+G53 -> 0 | J53: =K53*I53 -> 0 | K53: =$K$12 -> 0 | L53: =I53+J53 -> 0
A54: .2 LEITO DE PEDRA BRITADA 15CM | B54: 0.16 | C54: M2 | E54: =D54*B54 -> 0 | G54: =F54*B54 -> 0 | H54: =+D54+F54 -> 0 | I54: =E54+G54 -> 0 | J54: =K54*I54 -> 0 | K54: =$K$12 -> 0 | L54: =I54+J54 -> 0
A55: 12. 3. METAIS
A56: 12. 3. 3. TORNEIRA DE SERVIÇO
A57: .1 TORNEIRA CURTA CROMADA C/UNIAO P/JARDIM 12MM (1/2") | B57: 1 | C57: UN. | E57: =D57*B57 -> 0 | G57: =F57*B57 -> 0 | H57: =+D57+F57 -> 0 | I57: =E57+G57 -> 0 | J57: =K57*I57 -> 0 | K57: =$K$12 -> 0 | L57: =I57+J57 -> 0
A58: 17. PINTURA | M58: =SUM(L59:L67) -> 0
A59: 17.1. SELADOR/PREPARAÇÃO
A60: .1 LIMPEZA DE PREPARAÇÃO PARA PINTURA | B60: 1056 | C60: M2 | E60: =D60*B60 -> 0 | G60: =F60*B60 -> 0 | H60: =+D60+F60 -> 0 | I60: =E60+G60 -> 0 | J60: =K60*I60 -> 0 | K60: =$K$12 -> 0 | L60: =I60+J60 -> 0
A61: .2 PINTURA EM CONCRETO C/ FUNDO PREPARADOR EPÓXI (1 DEMÃO) | B61: 100.44 | C61: M2 | G61: =F61*B61 -> 0 | H61: =+D61+F61 -> 0 | I61: =E61+G61 -> 0 | J61: =K61*I61 -> 0 | K61: =$K$12 -> 0 | L61: =I61+J61 -> 0
A62: 17.3. BASE ACRÍLICA
A63: .1 PINTURA ACRILICA EM CONCRETO - AMARELO | B63: 64.82 | C63: M2 | E63: =D63*B63 -> 0 | G63: =F63*B63 -> 0 | H63: =+D63+F63 -> 0 | I63: =E63+G63 -> 0 | J63: =K63*I63 -> 0 | K63: =$K$12 -> 0 | L63: =I63+J63 -> 0
A64: .2 PINTURA ACRÍLICA EM CONCRETO - L= 8CM COR BRANCA | B64: 20.64 | C64: M2 | E64: =D64*B64 -> 0 | G64: =F64*B64 -> 0 | H64: =+D64+F64 -> 0 | I64: =E64+G64 -> 0 | J64: =K64*I64 -> 0 | K64: =$K$12 -> 0 | L64: =I64+J64 -> 0
A65: .3 PINTURA ACRÍLICA EM CONCRETO - L= 5CM COR BRANCA | B65: 4 | C65: M2 | E65: =D65*B65 -> 0 | G65: =F65*B65 -> 0 | H65: =+D65+F65 -> 0 | I65: =E65+G65 -> 0 | J65: =K65*I65 -> 0 | K65: =$K$12 -> 0 | L65: =I65+J65 -> 0
A66: .4 PINTURA ACRÍLICA EM CONCRETO - L= 5CM COR AZUL | B66: 10.98 | C66: M2 | E66: =D66*B66 -> 0 | G66: =F66*B66 -> 0 | H66: =+D66+F66 -> 0 | I66: =E66+G66 -> 0 | J66: =K66*I66 -> 0 | K66: =$K$12 -> 0 | L66: =I66+J66 -> 0
A67: .5 PINTURA DE MEIO-FIO - L= 10CM COR BRANCA | B67: 14.01 | C67: M2 | E67: =D67*B67 -> 0 | G67: =F67*B67 -> 0 | H67: =+D67+F67 -> 0 | I67: =E67+G67 -> 0 | J67: =K67*I67 -> 0 | K67: =$K$12 -> 0 | L67: =I67+J67 -> 0
A68: 19. PAISAGISMO/URBANIZAÇÃO | M68: =SUM(L69:L81) -> 0
A69: 19. 1. PASSEIOS/CALÇADAS
A70: 19. 1. 4. MEIO-FIO
A71: .1 ASSENTAMENTO DE GUIA (MEIO-FIO) EM TRECHO RETO, CONFECCIONADA EM CONCRETO P RÉ-FABRICADO, DIMENSÕES 100X15X13X30 CM (COMPRIMENTO X BASE INFERIOR X BASE SUPERIOR X ALT URA) + DRENO 1/2" | B71: 140.11 | C71: M | E71: =D71*B71 -> 0 | G71: =F71*B71 -> 0 | H71: =+D71+F71 -> 0 | I71: =E71+G71 -> 0 | J71: =K71*I71 -> 0 | K71: =$K$12 -> 0 | L71: =I71+J71 -> 0
A72: 19.1.7. PISO TÁTIL
A73: .1 PISO TÁTIL DE ALERTA 25X25X2,5 | B73: 0.38 | C73: M2 | E73: =D73*B73 -> 0 | G73: =F73*B73 -> 0 | H73: =+D73+F73 -> 0 | I73: =E73+G73 -> 0 | J73: =K73*I73 -> 0 | K73: =$K$12 -> 0 | L73: =I73+J73 -> 0
A74: .2 PISO TÁTIL DIRECIONAL 25X25X2,5 | B74: 0.12 | C74: M2 | E74: =D74*B74 -> 0 | G74: =F74*B74 -> 0 | H74: =+D74+F74 -> 0 | I74: =E74+G74 -> 0 | J74: =K74*I74 -> 0 | K74: =$K$12 -> 0 | L74: =I74+J74 -> 0
A75: 19.1.8. BLOCOS INTERTRAVADOS DE CONCRETO
A76: .1 PISO INTERTRAVADO, COM BLOCO RETANGULAR COR NATURAL DE 20x10X6 CM ,INCL. BASE E REJUNTE | B76: 184.07 | C76: M2 | E76: =D76*B76 -> 0 | G76: =F76*B76 -> 0 | H76: =+D76+F76 -> 0 | I76: =E76+G76 -> 0 | J76: =K76*I76 -> 0 | K76: =$K$12 -> 0 | L76: =I76+J76 -> 0
A77: .2 PISO INTERTRAVADO, COM BLOCO RETANGULAR COLORIDO DE 20x10X6 CM, ,INCL. BASE E REJUNTE | B77: 36.64 | C77: M2 | E77: =D77*B77 -> 0 | G77: =F77*B77 -> 0 | H77: =+D77+F77 -> 0 | I77: =E77+G77 -> 0 | J77: =K77*I77 -> 0 | K77: =$K$12 -> 0 | L77: =I77+J77 -> 0
A78: 19.3. JARDINS
A79: 19.3.1. ESPECIFICAÇÃO DE ESPÉCIES
A80: 19.3.1.1. VEGETAÇÃO RASTEIRA
A81: .1 ASSENTAMENTO DE GRAMA EM LEIVA C/ FORNECIM. DE TERRA VEGETAL | B81: 412.61 | C81: M2 | E81: =D81*B81 -> 0 | G81: =F81*B81 -> 0 | H81: =+D81+F81 -> 0 | I81: =E81+G81 -> 0 | J81: =K81*I81 -> 0 | K81: =$K$12 -> 0 | L81: =I81+J81 -> 0
A82: 20. EQUIPAMENTOS | M82: =SUM(L83:L93) -> 0
A83: 20.21. EQUIPAMENTOS PARA QUADRA DE ESPORTE
A84: 20.21.1. ACESSÓRIOS
A85: .1 BUCHA P/ TRAVE DE FUTSAL | B85: 4 | C85: UN. | E85: =D85*B85 -> 0 | G85: =F85*B85 -> 0 | H85: =+D85+F85 -> 0 | I85: =E85+G85 -> 0 | J85: =K85*I85 -> 0 | K85: =$K$12 -> 0 | L85: =I85+J85 -> 0
A86: .2 BUCHA P/ POSTE DE REDE DE VOLEI | B86: 2 | C86: UN. | E86: =D86*B86 -> 0 | G86: =F86*B86 -> 0 | H86: =+D86+F86 -> 0 | I86: =E86+G86 -> 0 | J86: =K86*I86 -> 0 | K86: =$K$12 -> 0 | L86: =I86+J86 -> 0
A87: .3 TAMPA AÇO CARBONO UNIVERSAL FUTSAL/VOLEI | B87: 6 | C87: UN. | E87: =D87*B87 -> 0 | G87: =F87*B87 -> 0 | H87: =+D87+F87 -> 0 | I87: =E87+G87 -> 0 | J87: =K87*I87 -> 0 | K87: =$K$12 -> 0 | L87: =I87+J87 -> 0
A88: .4 GRAUTE CIMENTICEO PARA USO GERAL | B88: 8.8 | C88: KG | E88: =D88*B88 -> 0 | G88: =F88*B88 -> 0 | H88: =+D88+F88 -> 0 | I88: =E88+G88 -> 0 | J88: =K88*I88 -> 0 | K88: =$K$12 -> 0 | L88: =I88+J88 -> 0
A89: .5 PERFURATRIZ MANUAL, TORQUE MÁXIMO 55 KGF.M, POTENCIA 5CV, DIÂMETRO MAX. 8.1/2" - CHP DIURNO | B89: 8 | C89: CHP | E89: =D89*B89 -> 0 | G89: =F89*B89 -> 0 | H89: =+D89+F89 -> 0 | I89: =E89+G89 -> 0 | J89: =K89*I89 -> 0 | K89: =$K$12 -> 0 | L89: =I89+J89 -> 0
A90: 20.1.2. TELA DE CERCAMENTO
A91: .1 INTALAÇÃO DE TELA DE PROTEÇÃO EM POLIÉSTER PARA QUADRA POLIESPORTIVA MALHA 10CM E=4MM C/ CABO DE AÇO E ACESSÓRIOS DE FIXAÇÃO | B91: 680 | C91: M2 | E91: =D91*B91 -> 0 | G91: =F91*B91 -> 0 | H91: =+D91+F91 -> 0 | I91: =E91+G91 -> 0 | J91: =K91*I91 -> 0 | K91: =$K$12 -> 0 | L91: =I91+J91 -> 0
A92: .2 POSTES DE EUCALIPTO TRATADO H=6M DIAM.=18CM C/ PLACA DENTADA PADRÃO CEEE INSTALADO | B92: 16 | C92: UN. | E92: =D92*B92 -> 0 | G92: =F92*B92 -> 0 | H92: =+D92+F92 -> 0 | I92: =E92+G92 -> 0 | J92: =K92*I92 -> 0 | K92: =$K$12 -> 0 | L92: =I92+J92 -> 0
A93: .3 BLOCO DE FUNDAÇÃO 40x40x60CM | B93: 1.54 | C93: M3 | E93: =D93*B93 -> 0 | G93: =F93*B93 -> 0 | H93: =+D93+F93 -> 0 | I93: =E93+G93 -> 0 | J93: =K93*I93 -> 0 | K93: =$K$12 -> 0 | L93: =I93+J93 -> 0
A94: 21. GERENCIAMENTO DE OBRAS/FISCALIZAÇÃO | M94: =SUM(L95:L97) -> 0
A95: 21. 1. ADMINISTRAÇÃO DA OBRA
A96: 21. 1. 1. DESPESAS COM PESSOAL
A97: .1 CONTRAMESTRE | B97: 3 | C97: ME | E97: =D97*B97 -> 0 | G97: =F97*B97 -> 0 | H97: =+D97+F97 -> 0 | I97: =E97+G97 -> 0 | J97: =K97*I97 -> 0 | K97: =$K$12 -> 0 | L97: =I97+J97 -> 0
A98: 24. PISO | M98: =SUM(L99:L111) -> 0
A99: 24. 1. PREPARAÇÃO DE BASE
A100: .1 ATERRO COM SAIBRO (MECANICO E MANUAL) | B100: 462.12 | C100: M3 | E100: =D100*B100 -> 0 | G100: =F100*B100 -> 0 | H100: =+D100+F100 -> 0 | I100: =E100+G100 -> 0 | J100: =K100*I100 -> 0 | K100: =$K$12 -> 0 | L100: =I100+J100 -> 0
A101: .2 LASTRO DE BRITA GRADUADA COMPACTADA | B101: 102.36 | C101: M3 | E101: =D101*B101 -> 0 | G101: =F101*B101 -> 0 | H101: =+D101+F101 -> 0 | I101: =E101+G101 -> 0 | J101: =K101*I101 -> 0 | K101: =$K$12 -> 0 | L101: =I101+J101 -> 0
A102: 24,2. CONTRAPISO
A103: .1 LASTRO DE CONCRETO MAGRO FCK10MPA (1:3:6) PREP E LANÇAMENTO | B103: 0.01 | C103: M3 | E103: =D103*B103 -> 0 | G103: =F103*B103 -> 0 | H103: =+D103+F103 -> 0 | I103: =E103+G103 -> 0 | J103: =K103*I103 -> 0 | K103: =$K$12 -> 0 | L103: =I103+J103 -> 0
A104: 24. 4. CONCRETO
A105: .1 APLICAÇÃO DE LONA PLÁSTICA P/ EXECUÇÃO DE PAV DE CONCRETO | B105: 1122.81 | C105: M2 | E105: =D105*B105 -> 0 | G105: =F105*B105 -> 0 | H105: =+D105+F105 -> 0 | I105: =E105+G105 -> 0 | J105: =K105*I105 -> 0 | K105: =$K$12 -> 0 | L105: =I105+J105 -> 0
A106: .2 CONCRETO FCK = 25MPA USINADO INCL. FRETE | B106: 102.36 | C106: M3 | E106: =D106*B106 -> 0 | G106: =F106*B106 -> 0 | H106: =+D106+F106 -> 0 | I106: =E106+G106 -> 0 | J106: =K106*I106 -> 0 | K106: =$K$12 -> 0 | L106: =I106+J106 -> 0
A107: .3 MACROFIBRA SINTÉTICA ESTRUTURAL P/ PISO DE CONCRETO | B107: 307.08 | C107: KG | E107: =D107*B107 -> 0 | G107: =F107*B107 -> 0 | H107: =+D107+F107 -> 0 | I107: =E107+G107 -> 0 | J107: =K107*I107 -> 0 | K107: =$K$12 -> 0 | L107: =I107+J107 -> 0
...

Sheet Cronograma
A2: INCLUIR LOGOTIPO DA EMPRESA
A7: DADOS DA EMPRESA
A8: DADOS DA EMPRESA
A11: Obra: QUADRA POLIESPORTIVA - Câmpus Avançado Jaguarão | D11: Endereço: Rua Corredor das tropas, 801 - Bairro Vila Branca
A12: Cliente: Instituto Federal Sul-Rio-Grandense | D12: Cidade: Jaguarão - RS
A14: ITEM | B14: 30 dias | D14: 60 dias | F14: 90 dias | H14: TOTAL
B15: VALOR | C15: % | D15: VALOR | E15: % | F15: VALOR | G15: % | H15: VALOR | I15: %
A16: 2. SERVIÇOS PRELIMINARES / TÉCNICOS | B16: =C16*$H16 -> 0 | C16: 0.9374 | D16: =E16*$H16 -> 0 | E16: 0.0313 | F16: =G16*$H16 -> 0 | G16: 0.0313 | H16: =ORÇAMENTO!M16 -> 0 | I16: =C16+E16+G16 -> 1
A17: 3. MOVIMENTO DE TERRA | B17: =C17*$H17 -> 0 | C17: 0.8 | D17: =E17*$H17 -> 0 | E17: 0.1739 | F17: =G17*$H17 -> 0 | G17: 0.0261 | H17: =ORÇAMENTO!M24 -> 0 | I17: =C17+E17+G17 -> 1
A18: 4. INFRA-ESTRUTURA / FUNDAÇÕES SIMPLES | B18: =C18*$H18 -> 0 | C18: 0.2 | D18: =E18*$H18 -> 0 | E18: 0.6 | F18: =G18*$H18 -> 0 | G18: 0.2 | H18: =ORÇAMENTO!M35 -> 0 | I18: =C18+E18+G18 -> 1
A19: 12. INSTALAÇÕES HIDRÁULICAS E SANITÁRIAS | B19: =C19*$H19 -> 0 | D19: =E19*$H19 -> 0 | F19: =G19*$H19 -> 0 | G19: 1 | H19: =ORÇAMENTO!M41 -> 0 | I19: =C19+E19+G19 -> 1
A20: 17. PINTURA | B20: =C20*$H20 -> 0 | D20: =E20*$H20 -> 0 | F20: =G20*$H20 -> 0 | G20: 1 | H20: =ORÇAMENTO!M58 -> 0 | I20: =C20+E20+G20 -> 1
A21: 19. PAISAGISMO / URBANIZAÇÃO | B21: =C21*$H21 -> 0 | D21: =E21*$H21 -> 0 | E21: 0.2 | F21: =G21*$H21 -> 0 | G21: 0.8 | H21: =ORÇAMENTO!M68 -> 0 | I21: =C21+E21+G21 -> 1
A22: 20. EQUIPAMENTOS | D22: =E22*$H22 -> 0 | E22: 0.2 | F22: =G22*$H22 -> 0 | G22: 0.8 | H22: =ORÇAMENTO!M82 -> 0 | I22: =C22+E22+G22 -> 1
A23: 21. GERENCIAMENTO DE OBRAS / FISCALIZAÇÃO | B23: =C23*$H23 -> 0 | C23: 0.3333 | D23: =E23*$H23 -> 0 | E23: 0.3333 | F23: =G23*$H23 -> 0 | G23: 0.3334 | H23: =ORÇAMENTO!M94 -> 0 | I23: =C23+E23+G23 -> 1
A24: 24. PISO | B24: =C24*$H24 -> 0 | C24: 0.2 | D24: =E24*$H24 -> 0 | E24: 0.6 | F24: =G24*$H24 -> 0 | G24: 0.2 | H24: =ORÇAMENTO!M98 -> 0 | I24: =C24+E24+G24 -> 1
A25: Total da Etapa | B25: =SUM(B16:B24) -> 0 | C25: =B25/$H$25 -> #DIV/0! | D25: =SUM(D16:D24) -> 0 | E25: =D25/$H$25 -> #DIV/0! | F25: =SUM(F16:F24) -> 0 | G25: =F25/$H$25 -> #DIV/0! | H25: =B25+D25+F25 -> 0 | I25: =C25+E25+G25 -> #DIV/0!
A26: Total Acumulado | B26: =B25 -> 0 | C26: =C25 -> #DIV/0! | D26: =B26+D25 -> 0 | E26: =C26+E25 -> #DIV/0! | F26: =D26+F25 -> 0 | G26: =E26+G25 -> #DIV/0! | H26: =SUM(H16:H24) -> 0
F29: Local e Data
F32: Nome do Profissional Responsável
F33: Especificação do Cargo/função
F34: N° do CREA ou CAU
